 Dungeon Crawl Stone Soup version 0.25-a0-420-g1cc7eeb0d1 (webtiles) character file.

Game seed: 15061390133333249792, levelgen mode: deterministic

28103 Kohma the Fencer (level 13, -1/113 HPs)
             Began as a Minotaur Abyssal Knight on Jan 18, 2020.
             Was a High Priest of Lugonu.
             Slain by a harpy (2 damage)
             ... summoned by Kirke
             ... on level 4 of the Lair of Beasts.
             The game lasted 00:42:42 (18949 turns).

Kohma the Fencer (Minotaur Abyssal Knight)         Turns: 18949, Time: 00:42:43

Health: -1/113     AC: 27    Str: 21    XL:     13   Next: 8%
Magic:  19/19      EV:  4    Int:  9    God:    Lugonu [*****.]
Gold:   1227       SH:  4    Dex: 11    Spells: 12/12 levels left

rFire    . . .     SeeInvis .   q - +3 great sword
rCold    . . .     Gourm    .   (shield currently unavailable)
rNeg     + . .     Faith    .   O - +3 crystal plate armour
rPois    .         Spirit   .   (helmet restricted)
rElec    .         Reflect  +   n - +0 cloak
rCorr    +         Harm     .   F - +0 pair of gloves
MR       .....                  d - +0 pair of boots
Stlth    ..........             H - +4 amulet of reflection
HPRegen  0.28/turn              a - ring of resist corrosion
MPRegen  0.16/turn              z - ring of positive energy

@: no status effects
A: retaliatory headbutt, horns 2
a: Depart the Abyss, Bend Space, Banish, Corrupt, Enter the Abyss, Renounce
Religion


You were on level 4 of the Lair of Beasts.
You worshipped Lugonu.
Lugonu was extremely pleased with you.
You were hungry.

You visited 2 branches of the dungeon, and saw 15 of its levels.
You visited the Abyss 1 time.

You collected 1227 gold pieces.

Inventory:

Hand Weapons
 q - a +3 great sword (weapon)
 t - a +2 falchion of draining
 x - a +0 hunting sling
 C - a +2 scimitar
Missiles
 i - 109 sling bullets
 j - 419 stones
 y - a throwing net
 I - 11 javelins (quivered)
 R - 21 poisoned darts
Armour
 d - a +0 pair of boots (worn)
 f - a +0 plate armour
 n - a +0 cloak (worn)
 F - a +0 pair of gloves (worn)
 G - a +1 chain mail of poison resistance
 J - a +0 shield
 O - a +3 crystal plate armour (worn)
Jewellery
 a - a ring of resist corrosion (left hand)
 u - an uncursed amulet of guardian spirit {unknown}
 z - a ring of positive energy (right hand)
 H - a +4 amulet of reflection (around neck)
 P - a cursed -2 ring of strength {unknown}
Wands
 h - a wand of clouds (3)
 o - a wand of random effects (25)
 D - a wand of flame (3)
 E - a wand of enslavement (11)
 M - a wand of iceblast (10)
 T - a wand of acid (3)
 U - a wand of disintegration (16)
Scrolls
 b - 5 scrolls of remove curse
 l - 7 scrolls of magic mapping
 m - 4 scrolls of teleportation
 L - 4 scrolls of identify
 Q - a scroll of fog
 S - a scroll of amnesia
Potions
 g - 3 potions of might
 k - 5 potions of flight
 p - 7 potions of curing
 s - 3 potions of lignification
 v - 3 potions of brilliance
 w - 2 potions of ambrosia
 A - 2 potions of resistance
 B - 4 potions of mutation
 K - 3 potions of agility
 N - a potion of degeneration {unknown}
 V - a potion of haste {unknown}
Comestibles
 c - 27 rations


   Skills:
 - Level 10.0 Fighting
 + Level 18.0 Long Blades
 - Level 10.0 Armour
 - Level 1.7 Dodging
 - Level 4.6 Shields
 - Level 10.0 Invocations


You had 12 spell levels left.
You didn't know any spells.
Your spell library contained the following spells:

 Spells                   Type           Power        Failure   Level  Hunger
 Animate Skeleton         Necr           N/A          100%        1    ##.....
 Beastly Appendage        Tmut           #.....       100%        1    ##.....
 Pain                     Necr           #...         100%        1    ##.....
 Summon Small Mammal      Summ           #...         100%        1    ##.....
 Call Imp                 Summ           #.......     100%        2    ###....
 Poisonous Vapours        Pois/Air       #.....       100%        2    ###....
 Sticks to Snakes         Tmut           #.......     100%        2    ###....
 Call Canine Familiar     Summ           #.......     100%        3    ####...
 Confusing Touch          Hex            #.......     100%        3    ####...
 Conjure Flame            Conj/Fire      #.......     100%        3    ####...
 Gell's Gravitas          Tloc           #.........   100%        3    ####...
 Mephitic Cloud           Conj/Pois/Air  #.......     100%        3    ####...
 Recall                   Summ/Tloc      N/A          100%        3    ####...
 Spider Form              Tmut/Pois      #.........   100%        3    ####...
 Summon Guardian Golem    Hex/Summ       #.......     100%        3    ####...
 Vampiric Draining        Necr           #.........   100%        3    ####...
 Animate Dead             Necr           N/A          100%        4    #####..
 Ice Form                 Ice/Tmut       #.......     100%        4    #####..
 Petrify                  Tmut/Erth      #.......     100%        4    #####..
 Summon Ice Beast         Ice/Summ       #.......     100%        4    #####..
 Summon Lightning Spire   Summ/Air       #.......     100%        4    #####..
 Agony                    Necr           #.......     100%        5    ######.
 Blade Hands              Tmut           #.........   100%        5    ######.
 Borgnjor's Vile Clutch   Necr/Erth      #.........   100%        5    ######.
 Metabolic Englaciation   Hex/Ice        #.........   100%        5    ######.
 Yara's Violent Unravell  Hex/Tmut       #.........   100%        5    ######.
 Death Channel            Necr           #.........   100%        6    #######
 Freezing Cloud           Conj/Ice/Air   #.........   100%        6    #######
 Simulacrum               Ice/Necr       #.........   100%        6    #######
 Ring of Flames           Chrm/Fire      #.........   100%        7    #######


Dungeon Overview and Level Annotations

Branches:
Dungeon (11/15)            Temple (0/1) D:5            Lair (4/6) D:10
  Swamp (0/4) Lair:3        Snake (0/4) Lair:4          Orc (0/2) D:11

Altars:
Ashenzari
Cheibriados
Fedhas
Okawaru
Ru
Uskayaw
Vehumet
Xom
Yredelemnul
Zin
The Shining One

Shops:
D:2 *

Annotations:
D:4 exclusion: statue
Lair:4 Kirke


Innate Abilities, Weirdness & Mutations

You reflexively headbutt those who attack you in melee.
You have a pair of horns on your head.


Message History

* * * LOW HITPOINT WARNING * * *
The harpy barely misses you.
The harpy claws you but does no damage. x2
The harpy claws you.
* * * LOW HITPOINT WARNING * * *
The harpy claws you but does no damage.
Okay, then.
As you read the scroll of fear, it crumbles to dust.
You assume a fearsome visage.
The harpy looks frightened! x2
Kirke looks frightened!
The hog looks frightened! x3
Kirke casts a spell.
Kirke flickers and vanishes!
Cornered, the harpy turns to fight!
The harpy claws you.
* * * LOW HITPOINT WARNING * * *
The harpy claws you.
* * * LOW HITPOINT WARNING * * *
There is a stone staircase leading up, spattered with blood here.
The harpy screeches!
The harpy claws you but does no damage. x3; The harpy claws you.
You die...

#...................#.# #....
###................P#..###....
##............###....##..#.#...
#..........#.##......###...#.P.
#........#.##.........###..#...
###.....#..##..........#.##......
#..........#...........#####.....
.......#.##....).......# #.....
......P.........@)....## ##....
........P#.......H....# #≈...#
........##............# ##≈..##
.......###...........## #≈≈.##
...#...# #...........# ##≈..#
......## #.......##### ##≈≈..#
.###..# ##......# #≈≈..## ##...##
##.##### #≈..#.# ###..P# ###
##≈....###


You could see a harpy.

Vanquished Creatures
  Rupert (Lair:3)
  A hydra (Lair:1)
  4 two-headed ogres
  2 oklob plants (Lair:3)
  2 cyclopes (D:11)
  A black mamba (Lair:3)
  A gargoyle (D:9)
  5 torpor snails (Lair:2)
  3 spiny frogs
  3 komodo dragons
  A tengu conjurer (D:11)
  2 trolls
  A hornet (D:9)
  4 hippogriffs
  A wyvern (Lair:4)
  19 yaks
  A vampire (D:9)
  A hog (Lair:3)
  A basilisk (Lair:3)
  A steam dragon (Lair:4)
  6 vampire mosquitoes (Lair:3)
  3 nagas (Lair:4)
  10 water moccasins
  6 porcupines
  Duvessa (D:5)
  3 sky beasts
  2 orc warriors
  2 ice beasts
  2 black bears
  3 phantoms
  A centaur (D:11)
  2 ogres
  35 wolves
  7 crocodiles
  14 bullfrogs
  Dowan (D:5)
  4 scorpions
  4 killer bees (D:9)
  13 wights
  3 electric eels
  4 crimson imps
  3 jellies
  7 hounds
  4 orc priests
  Crazy Yiuf (D:5)
  10 orc wizards
  2 bullfrog skeletons
  A centaur skeleton (D:8)
  5 iguanas
  12 worker ants
  A killer bee zombie (D:8)
  2 hound skeletons
  A worker ant zombie (D:9)
  Robin (D:2)
  11 gnolls
  11 adders
  A howler monkey skeleton (D:9)
  2 river rats (D:3)
  3 shadow imps
  A howler monkey simulacrum (D:8)
  An ooze (D:2)
  2 adder zombies
  2 adder skeletons
  5 worms
  A dart slug (D:1)
  10 leopard geckos
  24 orcs
  A ball python (D:1)
  10 giant cockroaches
  12 goblins
  9 hobgoblins
  26 jackals
  5 quokkas
  7 bats
  9 frilled lizards
  8 kobolds
  A leopard gecko skeleton (D:5)
  A quokka skeleton (D:8)
  5 rats
  2 plants (Lair:3)
401 creatures vanquished.

Vanquished Creatures (others)
  2 hydras
  The ghost of masterofnone the Cleaver, a novice FoAK of Lugonu (D:8)
  A basilisk (Lair:3)
  7 fungi
  A plant (Lair:3)
12 creatures vanquished.

Grand Total: 413 creatures vanquished

Notes
Turn   | Place    | Note
-------+----------+-------------------------------------------
     0 | Abyss:1  | Kohma the Minotaur Abyssal Knight began the quest for the
                  | Orb.
     0 | Abyss:1  | Reached XP level 1. HP: 19/19 MP: 1/1
    51 | Abyss:1  | Noticed a tentacled starspawn
    55 | D:1      | Escaped the Abyss
    70 | D:1      | Reached * piety under Lugonu
   189 | D:1      | Reached XP level 2. HP: 27/27 MP: 2/2
   679 | D:2      | Found Zin's Purification Station.
   682 | D:2      | Found a glowing silver altar of Zin.
   883 | D:2      | Reached XP level 3. HP: 32/33 MP: 3/3
   953 | D:2      | Noticed Robin
   964 | D:2      | Reached skill level 3 in Long Blades
   977 | D:2      | Reached ** piety under Lugonu
   983 | D:2      | Killed Robin
   983 | D:2      | Reached skill level 1 in Shields
  1352 | D:2      | Reached XP level 4. HP: 40/40 MP: 4/4
  1607 | D:3      | Found a sacrificial altar of Ru.
  1660 | D:3      | Reached skill level 4 in Long Blades
  1660 | D:3      | Reached XP level 5. HP: 26/46 MP: 5/5
  2233 | D:3      | Reached *** piety under Lugonu
  2482 | D:3      | Reached XP level 6. HP: 40/53 MP: 7/7
  2730 | D:3      | Found a glowing golden altar of the Shining One.
  3039 | D:4      | Found an iron altar of Okawaru.
  3542 | D:4      | Found a radiant altar of Vehumet.
  3603 | D:4      | Reached skill level 5 in Long Blades
  3655 | D:4      | Reached XP level 7. HP: 36/60 MP: 8/8
  3941 | D:4      | Reached skill level 5 in Fighting
  4390 | D:5      | Entered Level 5 of the Dungeon
  4398 | D:5      | Found a blossoming altar of Fedhas.
  4447 | D:5      | Reached skill level 6 in Long Blades
  4456 | D:5      | HP: 3/61 [something (5)]
  4484 | D:5      | Found a staircase to the Ecumenical Temple.
  4484 | D:5      | HP: 1/61 [something (5)]
  4803 | D:5      | Reached **** piety under Lugonu
  5005 | D:5      | Reached skill level 5 in Armour
  5010 | D:5      | Reached XP level 8. HP: 50/70 MP: 10/10
  5023 | D:5      | HP: 1/70 [wight/+2 hand axe (3)]
  5462 | D:5      | Reached skill level 7 in Long Blades
  5632 | D:5      | Noticed Duvessa
  5635 | D:5      | Found a hide-covered altar of Uskayaw.
  5635 | D:5      | Noticed Dowan
  5647 | D:5      | Killed Duvessa
  5652 | D:5      | Killed Dowan
  6148 | D:5      | Found a runed translucent door.
  6149 | D:5      | Noticed Crazy Yiuf
  6158 | D:5      | Killed Crazy Yiuf
  6473 | D:6      | Reached skill level 8 in Long Blades
  6765 | D:6      | Found a shattered altar of Ashenzari.
  6894 | D:6      | Reached skill level 5 in Invocations
  7117 | D:7      | Noticed a troll
  7131 | D:6      | Killed a troll
  7131 | D:6      | Reached skill level 9 in Long Blades
  7374 | D:7      | Reached XP level 9. HP: 74/75 MP: 12/12
  7401 | D:7      | Found a basalt altar of Yredelemnul.
  7803 | D:7      | Reached skill level 10 in Long Blades
  8674 | D:8      | Reached skill level 11 in Long Blades
  8767 | D:8      | Found a runed translucent gate.
  8767 | D:8      | Found a runed translucent gate.
  8768 | D:8      | Found a runed translucent gate.
  8779 | D:8      | Noticed masterofnone's ghost (novice FoAK)
  8915 | D:8      | Noticed a two-headed ogre
  8923 | D:8      | Killed a two-headed ogre
  8923 | D:8      | Reached XP level 10. HP: 38/84 MP: 14/14
  9125 | D:8      | Noticed a two-headed ogre
  9133 | D:8      | Killed a two-headed ogre
  9242 | D:8      | Reached skill level 12 in Long Blades
  9393 | D:8      | Banished masterofnone's ghost
 10184 | D:9      | Noticed a gargoyle
 10196 | D:9      | Killed a gargoyle
 10927 | D:10     | Entered Level 10 of the Dungeon
 11157 | D:10     | Found a staircase to the Lair.
 11424 | D:10     | Reached skill level 13 in Long Blades
 11859 | Lair:1   | Entered Level 1 of the Lair of Beasts
 11893 | D:11     | Noticed a cyclops
 11901 | D:11     | Killed a cyclops
 11901 | D:11     | Reached XP level 11. HP: 76/95 MP: 16/16
 11978 | D:11     | Noticed a two-headed ogre
 11993 | D:11     | Killed a two-headed ogre
 12212 | D:11     | Found a shimmering altar of Xom.
 12212 | D:11     | Found a shimmering altar of Xom.
 12212 | D:11     | Found a shimmering altar of Xom.
 12213 | D:11     | Found a shimmering altar of Xom.
 12213 | D:11     | Found a shimmering altar of Xom.
 12213 | D:11     | Found a shimmering altar of Xom.
 12215 | D:11     | Found a shimmering altar of Xom.
 12215 | D:11     | Found a shimmering altar of Xom.
 12215 | D:11     | Found a shimmering altar of Xom.
 12216 | D:11     | Found a shimmering altar of Xom.
 12218 | D:11     | Noticed a two-headed ogre
 12226 | D:11     | Killed a two-headed ogre
 13033 | D:11     | Noticed a fire crab
 13136 | D:11     | Found a staircase to the Orcish Mines.
 13288 | Lair:1   | Noticed a four-headed hydra
 13299 | Lair:1   | Killed a 12-headed hydra
 13299 | Lair:1   | Reached skill level 14 in Long Blades
 13658 | Lair:1   | Reached ***** piety under Lugonu
 14310 | Lair:2   | Got a jasper-studded plate armour
 14311 | Lair:2   | Identified the +2 plate armour of the Unstoppable Runes
                  | {Stlth+} (You found it on level 2 of the Lair of Beasts)
 14631 | Lair:2   | Found a snail-covered altar of Cheibriados.
 14651 | Lair:2   | Reached skill level 10 in Armour
 14748 | Lair:2   | Reached skill level 10 in Fighting
 14887 | Lair:2   | Reached XP level 12. HP: 69/106 MP: 18/18
 15410 | Lair:3   | Noticed Rupert
 15586 | Lair:3   | Noticed a five-headed hydra
 15602 | Lair:3   | Banished an eight-headed hydra
 15602 | Lair:3   | Reached skill level 10 in Invocations
 15985 | Lair:3   | Paralysed by Rupert for 3 turns
 15991 | Lair:3   | Paralysed by Rupert for 4 turns
 15996 | Lair:3   | Killed Rupert
 15996 | Lair:3   | Reached skill level 15 in Long Blades
 16218 | Lair:3   | Reached skill level 16 in Long Blades
 16717 | Lair:3   | Found a staircase to the Swamp.
 17106 | Lair:3   | Reached skill level 17 in Long Blades
 17299 | Lair:4   | Noticed an eight-headed hydra
 17486 | Lair:4   | Banished an eight-headed hydra
 18123 | Lair:4   | Reached XP level 13. HP: 71/113 MP: 19/19
 18136 | Lair:4   | HP: 4/113 [wolf (6)]
 18154 | Lair:4   | HP: 2/113 [wolf (7)]
 18505 | Lair:4   | Found a staircase to the Snake Pit.
 18514 | Lair:4   | Reached skill level 18 in Long Blades
 18896 | Lair:4   | Noticed Kirke
 18943 | Lair:4   | HP: 4/113 [harpy[Kirke] (4)]
 18948 | Lair:4   | HP: 4/113 [harpy[Kirke] (2)]
 18948 | Lair:4   | HP: 1/113 [harpy[Kirke] (3)]
 18949 | Lair:4   | Slain by a harpy

Levels and vault maps discovered:
D:1:      scummos_arrival_star, layout_loops_cross, minmay_tetromino_t4
D:2:      layout_loops_corners, zin_purify, first_ration, uniq_robin
D:3:      layout_basic, nicolae_ru_great_annihilating_truth,
          nicolae_tso_swordbearing_angel, gup_sewer_entry_spiral,
          hangedman_feature_mirror
D:4:      layout_basic, vehumet_statue, okawaru_ov_weapons_minmay
D:5:      layout_loops_cross, eat_drink_and_be_merry_uskayaw,
          nicolae_overflow_hidden_temple, minmay_temple_entry_crystal_x,
          hangedman_decor_riveting, uniq_crazy_yiuf_cottage, uniq_duvessa
D:6:      layout_cave_pools, nicolae_ashenzari_panopticon, st_stairs_6,
          nicolae_lava_and_water
D:7:      layout_cave_pods, yredelemnul_altar_generic
D:8:      layout_basic, gammafunk_ghost_necromancy, lemuel_another_geyser
D:9:      layout_loops_corners
D:10:     layout_long_grid, david_lair_generic
D:11:     layout_long_grid, orc_0_dummy, grunt_tengu_nest, xom_shifter_show
Lair:1:   layout_regular_city, serial_bayou_shore_b, infiniplex_staircase_pool_2
Lair:2:   layout_regular_city, kennysheep_snail_temple, serial_bayou_shore_b
Lair:3:   layout_roguey, minmay_swamp_entry_swarm, minmay_lair_oklob_chamber,
          uniq_rupert
Lair:4:   layout_cave_pods, minmay_snake_entry_guardpost_small,
          cheibrodos_lair_caveside_slide, grunt_forest_large_clearings,
          uniq_kirke

Skill      XL: |  1  2  3  4  5  6  7  8  9 10 11 12 13 |
---------------+----------------------------------------+-----
Invocations    | 2 3 4 5 7 8 9 10 | 10.0
Fighting       | 4 5 6 8 10 | 10.0
Long Blades    | 3 4 5 6 9 11 13 14 17 18 | 18.0
Armour         | 3 4 5 6 7 8 10 | 10.0
Shields        | 1 2 3 4 |  4.6
Dodging        | |  1.7

Action                   |  1- 3 |  4- 6 |  7- 9 | 10-12 | 13-15 || total
-------------------------+-------+-------+-------+-------+-------++-------
Melee: Falchion          |    87 |   158 |   329 |       |       ||   574
       Headbutt          |    13 |    25 |    91 |   128 |    13 ||   270
       Great sword       |       |       |    69 |   649 |    53 ||   771
Invok: Depart the Abyss  |     1 |       |       |       |       ||     1
       Banish            |       |       |       |     9 |       ||     9
       Bend Space        |       |       |       |     1 |       ||     1
Evoke: Wand              |       |       |     3 |    18 |       ||    21
  Use: Potion            |       |     1 |     3 |     1 |     3 ||     8
       Scroll            |       |       |    19 |     8 |     1 ||    28
 Stab: Paralysed         |       |     1 |       |       |       ||     1
  Eat: Chunk             |     1 |     6 |     9 |    29 |     2 ||    47
       Ration            |       |     1 |     2 |     1 |       ||     4
Armor: Leather armour    |     7 |       |       |       |       ||     7
       Ring mail         |    29 |    62 |    28 |       |       ||   119
       Chain mail        |       |       |    82 |    51 |       ||   133
       Plate armour      |       |       |    33 |    28 |       ||    61
       Crystal plate arm |       |       |       |   648 |   167 ||   815
Dodge: Dodged            |    62 |    86 |   129 |   190 |    32 ||   499
Block: Buckler           |     6 |    37 |    56 |       |       ||    99
       Shield            |       |       |    40 |       |       ||    40
       Other             |       |       |    14 |   143 |    32 ||   189
       Reflection        |       |       |     1 |     1 |       ||     2
       Rpst.: Falchion   |    18 |    22 |    32 |       |       ||    72
       Great sword       |       |       |     6 |    56 |     9 ||    71

Table legend:
 A = Non-vault XP
 B = Vault XP
 C = Vault XP percentage of total XP
 D = Non-vault monster count
 E = Vault monster count
 F = Vault count percentage of total count
                 A         B        C        D         E       F
            +---------+---------+-------+---------+---------+-------
      Total |   26500 |   13648 |  34.0 |     308 |      94 |  23.4
            +---------+---------+-------+---------+---------+-------
        D:1 |      25 |       5 |  16.7 |      14 |       3 |  17.6
        D:2 |      54 |      35 |  39.3 |      19 |      12 |  38.7
        D:3 |     205 |     120 |  36.9 |      32 |      17 |  34.7
        D:4 |     549 |       0 |   0.0 |      23 |       0 |   0.0
        D:5 |     789 |     263 |  25.0 |      23 |       3 |  11.5
        D:6 |     671 |      33 |   4.7 |      16 |       1 |   5.9
        D:7 |     940 |       0 |   0.0 |      16 |       0 |   0.0
        D:8 |    3442 |     608 |  15.0 |      40 |       4 |   9.1
        D:9 |    1794 |       0 |   0.0 |      19 |       0 |   0.0
       D:10 |     519 |     652 |  55.7 |      12 |       4 |  25.0
       D:11 |    4729 |     309 |   6.1 |      29 |       1 |   3.3
     Lair:1 |    2712 |       0 |   0.0 |      14 |       0 |   0.0
     Lair:2 |    2593 |    2315 |  47.2 |      14 |       7 |  33.3
     Lair:3 |    4642 |    6039 |  56.5 |      24 |      16 |  40.0
     Lair:4 |    2836 |    3269 |  53.5 |      13 |      26 |  66.7
            +---------+---------+-------+---------+---------+-------
